 Dungeon Crawl Stone Soup version 0.28.0 (webtiles) character file.

Game seed: 3855612081387483061

24 dolemite99 the Ruffian (level 2, 0/26 HPs)
             Began as a Troll Transmuter on Feb 13, 2022.
             Slain by a gnoll (7 damage)
             ... on level 2 of the Dungeon.
             The game lasted 00:00:37 (762 turns).

dolemite99 the Ruffian (Troll Transmuter)            Turns: 762, Time: 00:00:37

Health: 0/26       AC:  4    Str: 17    XL:     2   Next: 79%
Magic:  2/2        EV:  9    Int:  9    God:
Gold:   38         SH:  0    Dex: 10    Spells: 2/3 levels left

rFire   . . .      SeeInvis .     - Unarmed
rCold   . . .      Faith    .   (no shield)
rNeg    . . .      Spirit   .   a - +0 robe
rPois   .          Reflect  .   (helmet restricted)
rElec   .          Harm     .   (no cloak)
rCorr   .          Rampage  .   (gloves unavailable)
Will    .....                   (boots unavailable)
Stlth   +.........              (no amulet)
HPRegen 0.88/turn               (no ring)
MPRegen 0.08/turn               (no ring)

@: no status effects
A: large, unfitting armour, claws 3, regeneration 1, shaggy fur 1, tough skin 1
a: no special abilities


You were on level 2 of the Dungeon.
You visited 1 branch of the dungeon, and saw 2 of its levels.

You collected 38 gold pieces.

Inventory:

Armour
 a - a +0 robe (worn)
Scrolls
 b - a scroll of silence {unknown}
 c - 4 scrolls of identify {unknown}
 d - a scroll of torment {unknown}


   Skills:
 - Level 0.7 Fighting
 - Level 1.5 Dodging
 + Level 4.1 Unarmed Combat
 - Level 1.2 Spellcasting
 - Level 1.3 Transmutations


You had 2 spell levels left.
You knew the following spells:

 Your Spells              Type           Power      Damage    Failure   Level
a - Beastly Appendage     Tmut           6%         N/A       21%         1

Your spell library contained the following spells:

 Spells                   Type           Power      Damage    Failure   Level
 Wereblood                Tmut           3%         N/A       30%         2
 Spider Form              Tmut/Pois      1%         N/A       63%         3
 Ice Form                 Ice/Tmut       1%         N/A       95%         4


Dungeon Overview and Level Annotations

Branches:
Dungeon (2/15)

Altars:


Innate Abilities, Weirdness & Mutations

You are too large for most types of armour.
You have claws for hands.
Your natural rate of healing is unusually fast.
You are covered in fur. (AC +1)
You have tough skin. (AC +1)


Message History

The giant cockroach barely misses you. The goblin hits you but does no damage.
You closely miss the giant cockroach. The giant cockroach barely misses you.
The giant cockroach barely misses you.
You open the door. The giant cockroach barely misses you.
The goblin hits you but does no damage.
There is an open door here.
The giant cockroach bites you.
There is a stone staircase leading up here.
You closely miss the giant cockroach. The giant cockroach bites you.
You claw the giant cockroach!
You kill the giant cockroach!
Your Unarmed Combat skill increases to level 4!
You claw the endoplasm!
You kill the endoplasm!
You miss the goblin. The goblin closely misses you.
You claw the goblin!
You kill the goblin!
The gnoll hits you from afar with a +0 spear.
The kobold hits you with a +0 club. The gnoll closely misses you.
There is an open door here.
Things that are here:
a +0 club; a goblin corpse; a giant cockroach corpse You scratch the kobold.
You kill the kobold!
The gnoll hits you with a +0 spear.
You scratch the gnoll.
The gnoll is moderately wounded.
The goblin hits you but does no damage. The gnoll hits you with a +0 spear.
You barely miss the gnoll.
The gnoll is moderately wounded.
The goblin closely misses you. The gnoll hits you with a +0 spear.
You closely miss the gnoll.
The gnoll is moderately wounded.
The goblin barely misses you. The gnoll hits you with a +0 spear.
You barely miss the gnoll.
The gnoll is moderately wounded.
The goblin hits you with a +0 club.
* * * LOW HITPOINT WARNING * * *
The gnoll hits you with a +0 spear!
You die...

#...# #...# . #...#
.. #####...# ...
........######+#..#.
.................[..
........#.........#.
#####..<#..K........
#.#@#g..#....###
#..gg...#....#
#.......#..K.#
#.......####.#
#.......+ ...
.........# ...
..######### .. ###


You could see a gnoll and a goblin.

Vanquished Creatures
  A dart slug (D:1)
  2 ball pythons (D:1)
  3 endoplasms
  A giant cockroach (D:2)
  2 quokkas (D:1)
  4 bats (D:1)
  5 goblins
  2 kobolds
20 creatures vanquished.

Notes
Turn   | Place    | Note
-------+----------+-------------------------------------------
     0 | D:1      | dolemite99 the Troll Transmuter began the quest for the
                  | Orb.
     0 | D:1      | Reached XP level 1. HP: 18/18 MP: 1/1
   313 | D:1      | Reached XP level 2. HP: 20/26 MP: 2/2
   754 | D:2      | Reached skill level 4 in Unarmed Combat
   762 | D:2      | Slain by a gnoll

Illustrated notes

Levels and vault maps discovered:
D:1:      lemuel_arrival_broad_hall, layout_basic
D:2:      minmay_alternating_diamond, layout_basic, serial_glass,
          glass_columns_a, glass_columns_a, minmay_pentomino_u2

Skill      XL: |  1  2 |
---------------+-------+-----
Unarmed Combat | 4 |  4.1
Fighting       | |  0.7
Dodging        | |  1.5
Spellcasting   | |  1.2
Transmutations | |  1.3

Action                   || total
-------------------------++-------
Melee: Unarmed           ||    39
       Punch             ||     1
Armor: Robe              ||    11
Dodge: Dodged            ||    19
